AoeStats
← 白鹿城拉车车

Nomad

508617996Analyzed
4v4 RM · 8d ago on Sep 23, 2026· 41m 31s· 8 players
Game mode
Random Map
Map size
231×231
Population
200
Speed
Normal
Resources
Standard
Victory
Conquest
Starting age
Dark Age
Ending age
Imperial Age
RankedLock teamsTeams togetherTeam positionsShared explorationLock speedFull tech treeHidden civsTurbo modeCheats
Victory
Defeat
🇨🇴 Cumans · Colombia
1180
+14
🇩🇪 Muisca · Germany
1145
+16
🇨🇳 Poles · China
1142
+16
🇨🇳 Persians · China
1139
+16
🇨🇳 Bohemians · China
1363
-23
🇭🇰 Varangians · Hong Kong SAR China
1073
-13
🇭🇰 Danes · Hong Kong SAR China
1072
-13
🇭🇰 Muisca · Hong Kong SAR China
1071
-13
Humetsang
4:33 Loom
14:24 Feudal Age
18:06 Castle Age
16:27 Double-Bit Axe
33:23 Wheelbarrow
36:30 Imperial Age
34:39 Padded Archer Armor
34:30 Fletching
35:02 Gold Mining
34:53 Horse Collar
35:04 Stone Mining
36:39 Bodkin Arrow
36:59 Leather Archer Armor
37:06 Scale Mail Armor
37:17 Forging
36:53 Elite Guecha Warrior
37:25 Elite Temple Guard
39:47 Chain Mail Armor
40:22 Iron Casting
谷得超勁
7:41 Loom
15:32 Feudal Age
19:29 Castle Age
17:54 Double-Bit Axe
30:47 Murder Holes
35:28 Wheelbarrow
40:25 Imperial Age
39:55 Gambesons
40:11 Squires
39:32 Pikeman
42:51 Imperial Age
Majorian
14:10 Feudal Age
15:46 Wheelbarrow
16:55 Fletching
22:54 Castle Age
21:20 Double-Bit Axe
23:47 Medium Warships
24:06 Bow Saw
23:55 Horse Collar
25:57 Fishing Lines
30:10 Loom
33:50 Imperial Age
32:29 Scale Barding Armor
33:46 Gold Mining
34:12 Bloodlines
34:29 Chain Barding Armor
36:45 Two-Man Saw
36:23 Plate Barding Armor
36:28 Forging
37:35 Conscription
37:10 Light Cavalry
37:51 Husbandry
39:11 Elite Jarl
40:32 Iron Casting
39:18 Hussar
40:57 Conscription
40:27 Pikeman
40:53 Gambesons
白鹿城拉车车
7:36 Loom
13:36 Feudal Age
15:41 Fishing Lines
18:21 Castle Age
18:00 Double-Bit Axe
18:20 Fletching
19:21 Bow Saw
19:22 Bodkin Arrow
20:12 Medium Warships
20:56 Wheelbarrow
22:32 Chemistry
21:52 Ballistics
22:40 Padded Archer Armor
24:44 Leather Archer Armor
28:55 Gillnets
35:58 Imperial Age
34:56 Clinker Construction
34:54 Town Watch
35:18 Horse Collar
36:36 Heavy Plow
37:50 Bracer
39:03 Siege Engineers
Saldeath
9:30 Loom
14:11 Feudal Age
17:57 Castle Age
17:11 Double-Bit Axe
18:33 Fletching
19:22 Medium Warships
20:15 Bodkin Arrow
20:53 Bow Saw
22:33 Horse Collar
26:25 Town Watch
27:18 Wheelbarrow
28:47 Careening
32:03 Ballistics
33:23 Loom
37:03 Heavy Plow
36:47 Fishing Lines
40:41 Imperial Age
38:44 Hand Cart
39:31 Scale Barding Armor
39:37 Forging
39:57 Gillnets
40:15 Gold Mining
41:36 Bloodlines
41:57 Chain Barding Armor
SemperBlender
4:44 Loom
16:23 Feudal Age
16:56 Double-Bit Axe
17:04 Gold Mining
17:52 Wheelbarrow
19:08 Fletching
21:42 Castle Age
21:04 Town Watch
25:07 Castle Age
23:59 Fishing Lines
24:28 Stone Mining
26:06 Bodkin Arrow
26:49 Hand Cart
29:54 Imperial Age
36:02 Imperial Age
37:42 Bracer
39:35 Horse Collar
40:09 Bow Saw
南门
3:46 Loom
14:41 Feudal Age
19:06 Castle Age
16:48 Horse Collar
17:54 Double-Bit Axe
20:09 Heavy Plow
21:29 Bow Saw
24:17 Wheelbarrow
23:56 Fervor
25:07 Gold Mining
25:35 Town Watch
30:51 Imperial Age
29:21 Hand Cart
28:35 Light Cavalry
29:25 Bloodlines
29:16 Husbandry
29:33 Forging
30:43 Scale Barding Armor
33:10 Crop Rotation
32:09 Winged Hussar
33:21 Lechitic Legacy
33:23 Conscription
33:43 Chain Barding Armor
33:59 Iron Casting
35:23 Town Patrol
36:42 Blast Furnace
卢本伟
5:21 Loom
15:00 Feudal Age
19:14 Castle Age
19:13 Padded Archer Armor
19:05 Fletching
25:26 Horse Collar
26:12 Medium Warships
34:42 Imperial Age
33:22 Wheelbarrow
33:02 Double-Bit Axe
33:19 Heavy Plow
34:39 Gold Mining
35:28 Hand Cart
37:24 Hoardings
38:26 Gold Shaft Mining
38:23 Crop Rotation
39:33 Conscription
39:24 Citadels
41:19 Bow Saw
Connection lost

Rejoining the realm…

Still unreachable

The connection could not be restored.

Session expired

The server has moved on; the page needs a fresh start.